 Dungeon Sprint DCSS version 0.21-a0-372-gd0ff781 (webtiles) character file.

114 Kidiri the Thaumaturge (level 4, -2/24 HPs)
             Began as a Deep Elf Fire Elementalist on Oct 16, 2017.
             Killed from afar by a wizard (11 damage)
             ... with a bolt of cold
             ... in the Dungeon (Sprint III: "The Ten Rune Challenge").
             The game lasted 00:03:23 (333 turns).

Kidiri the Thaumaturge (Deep Elf Fire Elementalist)  Turns: 333, Time: 00:03:23

Health: -2/24      AC:  2    Str:  5    XL:     4   Next: 67%
Magic:  13/17      EV: 13    Int: 21    God:
Gold:   29         SH:  0    Dex: 15    Spells: 8/21 levels left

rFire    . . .     SeeInvis .   (no weapon)
rCold    . . .     Gourm    .   (no shield)
rNeg     . . .     Faith    .   a - +0 robe
rPois    .         Spirit   .   (helmet restricted)
rElec    .         Reflect  .   (no cloak)
rCorr    .         Harm     .   (no gloves)
MR       .....     NoTele   +   (no boots)
Stlth    ++........             (no amulet)
HPRegen  0.08/turn              (no ring)
MPRegen  0.15/turn              (no ring)

@: no status effects
A: horns 1, MP-powered wands
a: no special abilities


You were in the Dungeon.
You were not hungry.

You visited 1 branch You collected 29 gold pieces.

Inventory:

Armour
 a - a +0 robe (worn)
Scrolls
 i - a scroll of blinking
 k - a scroll of holy word
 m - 2 scrolls of remove curse
 o - a scroll of immolation {unknown}
Potions
 d - 2 potions of curing
 e - a potion of heal wounds
 f - 2 potions of haste
 g - 2 potions of magic
 h - a potion of berserk rage
 n - a potion of lignification
 q - a potion of flight
Books
 b - a book of Flames

   Spells                             Type                      Level
   a - Flame Tongue                   Conjuration/Fire             1
   b - Throw Flame                    Conjuration/Fire             2
   c - Conjure Flame                  Conjuration/Fire             3
   d - Inner Flame                    Hexes/Fire                   3
   e - Sticky Flame                   Conjuration/Fire             4
   f - Fireball                       Conjuration/Fire             5
Comestibles
 c - 2 bread rations
 j - 2 chunks of flesh
 p - a royal jelly


   Skills:
 - Level 2.4 Dodging
 - Level 2.4 Stealth
 * Level 9.1 Spellcasting
 + Level 5.1 Conjurations
 + Level 6.0 Fire Magic


You had 8 spell levels left.
You knew the following spells:

 Your Spells              Type           Power        Failure   Level  Hunger
a - Flame Tongue          Conj/Fire      ####.        1%          1    None
b - Throw Flame           Conj/Fire      ####..       1%          2    None
c - Conjure Flame         Conj/Fire      ####....     1%          3    None
d - Inner Flame           Hex/Fire       ###.....     6%          3    None
e - Sticky Flame          Conj/Fire      ####....     7%          4    ##.....


Dungeon Overview and Level Annotations

Branches:
Dungeon (1/1)

Altars:
Kikubaaqudgha
Sif Muna
Vehumet


Innate Abilities, Weirdness & Mutations

You have a pair of small horns on your head.
You expend magic power (3 MP) to strengthen your wands.


Message History

Unknown command.
A kobold demonologist and a wizard come into view.
The kobold demonologist shouts!
The wizard shouts!
The wizard points at you and mumbles some strange words.
The bolt of cold hits you!
Ouch! That really hurt!
Found a runed paperback book and 6 gold pieces.
Found a deep blue altar of Sif Muna and an ancient bone altar of Kikubaaqudgha.
There is an open door here.
Casting: Flame Tongue
Confirm with . or Enter, or press ? or * to list all spells.
Aiming: Sticky Flame
Press: ? - help, Shift-Dir - straight line, f - wizard
Aim: a wizard, wielding a dagger and wearing a robe The sticky flame hits the wizard.
The wizard is heavily wounded.
The wizard is covered in liquid flames!
The wizard burns!
The wizard gestures at you while chanting.
The bolt of cold hits you!
You die...

#..#....♣♣♣ ♣♣.#
####......♣ ♣..#
...#....≈♣♣♣♣♣.###+#+###
...#...≈≈♣.....#........
..[#..≈≈÷≈♣..♣.'.⌠......
##'#..≈≈≈≈≈≈♣♣.#...####
..)#.≈≈≈≈≈≈....#.⌠.#
...#.≈≈≈≈≈.....#...#
...#.≈≈≈.......#@###
####...........#.p$#
...............#_K_#
▓▓▓▓▓▓▓▓▓▓▓▓▓▓▓▓▓▓▓▓


You could see a wizard (burning) and a kobold demonologist.

Vanquished Creatures
  A water elemental (D)
  Jessica (D)
  A human (D)
  An ooze (D)
  A phantom (D)
  2 rats (D)
7 creatures vanquished.

Vanquished Creatures (others)
  2 draconian scorchers (D)
  6 hellions (D)
  A yaktaur (D)
9 creatures vanquished.

Grand Total: 16 creatures vanquished

Notes
Turn   | Place    | Note
-------+----------+-------------------------------------------
     0 | D        | Kidiri the Deep Elf Fire Elementalist began the quest for the Orb.
     0 | D        | Reached XP level 1. HP: 10/10 MP: 6/6
     5 | D        | Reached skill level 4 in Spellcasting
    68 | D        | Killed a yaktaur
    77 | D        | Noticed Jessica
    80 | D        | Killed Jessica
    80 | D        | Reached skill level 6 in Spellcasting
    80 | D        | Reached XP level 2. HP: 15/15 MP: 4/11
    80 | D        | Reached XP level 3. HP: 19/19 MP: 4/12
    85 | D        | Learned a level 2 spell: Throw Flame
    89 | D        | Learned a level 3 spell: Conjure Flame
    93 | D        | Learned a level 3 spell: Inner Flame
   100 | D        | Killed a hellion
   100 | D        | Killed a hellion
   113 | D        | Killed a hellion
   115 | D        | Killed a hellion
   143 | D        | Killed a white draconian scorcher
   165 | D        | Killed a hellion
   179 | D        | Killed a hellion
   186 | D        | Gained mutation: Your body sometimes deteriorates upon taking damage. [potion of mutation]
   186 | D        | Gained mutation: You are frail. (-10% HP) [potion of mutation]
   186 | D        | Gained mutation: You have a pair of small antennae on your head. [potion of mutation]
   187 | D        | Lost mutation: You have a pair of small antennae on your head. [potion of mutation]
   187 | D        | Lost mutation: Your body sometimes deteriorates upon taking damage. [potion of mutation]
   187 | D        | Lost mutation: You are frail. (-10% HP) [potion of mutation]
   187 | D        | Gained mutation: You expend magic power (3 MP) to strengthen your wands. [potion of mutation]
   187 | D        | Gained mutation: You have a pair of small horns on your head. [potion of mutation]
   213 | D        | Killed a white draconian scorcher
   225 | D        | Reached skill level 7 in Spellcasting
   225 | D        | Reached skill level 5 in Fire Magic
   258 | D        | Noticed a water elemental
   262 | D        | Killed a water elemental
   262 | D        | Reached skill level 9 in Spellcasting
   262 | D        | Reached skill level 5 in Conjurations
   262 | D        | Reached XP level 4. HP: 22/24 MP: 7/17
   269 | D        | Learned a level 4 spell: Sticky Flame
   331 | D        | Found a radiant altar of Vehumet.
   332 | D        | Found a deep blue altar of Sif Muna.
   332 | D        | Found an ancient bone altar of Kikubaaqudgha.
   332 | D        | Noticed a wizard
   333 | D        | Killed from afar by a wizard

Vault maps used:
D:        dungeon_sprint_mu

Skill      XL: |  1  2  3 |
---------------+----------+-----
Spellcasting   | 6 9 |  9.1
Conjurations   | 3 5 |  5.1
Fire Magic     | 4 6 |  6.0
Dodging        | |  2.4
Stealth        | |  2.4

Action                   |  1- 3 |  4- 6 || total
-------------------------+-------+-------++-------
 Cast: Flame Tongue      |    16 |     1 ||    17
       Throw Flame       |     2 |       ||     2
       Conjure Flame     |     1 |       ||     1
       Sticky Flame      |       |     1 ||     1
  Use: Scroll            |     3 |       ||     3
       Potion            |     2 |       ||     2
Dodge: Dodged            |     1 |       ||     1

Table legend:
 A = Spawn XP
 B = Non-spawn XP
 C = Spawn XP percentage of total XP
 D = Spawn monster count
 E = Non-spawn monster count
 F = Spawn count percentage of total count
 G = Total turns spent on level
                    A         B        C        D         E        F      G
               +---------+---------+-------+---------+---------+-------+---------
         Total |       0 |     164 |   0.0 |       0 |       7 |   0.0 |   333
               +---------+---------+-------+---------+---------+-------+---------
             D |       0 |     164 |   0.0 |       0 |       7 |   0.0 |   333
               +---------+---------+-------+---------+---------+-------+---------
